 Dungeon Crawl Stone Soup version 0.25-a0-294-gea9b1ad378 (webtiles) character file.

Game seed: 14465766342562850102, levelgen mode: classic

36 Borgoz the Cutter (level 3, -7/22 HPs)
             Began as a Kobold Gladiator on Dec 16, 2019.
             Mangled by Sigmund
             ... wielding a +0 scythe
              (9 damage)
             ... on level 2 of the Dungeon.
             The game lasted 00:02:17 (910 turns).

Borgoz the Cutter (Kobold Gladiator)                 Turns: 910, Time: 00:02:18

Health: -7/22      AC:  4    Str: 12    XL:     3   Next: 57%
Magic:  3/3        EV: 16    Int:  9    God:
Gold:   64         SH:  0    Dex: 16    Spells: 2/2 levels left

rFire    . . .     SeeInvis .   a - +0 rapier
rCold    . . .     Gourm    .   (shield restricted)
rNeg     . . .     Faith    .   b - +0 leather armour
rPois    .         Spirit   .   c - +0 helmet
rElec    .         Reflect  .   (no cloak)
rCorr    .         Harm     .   (no gloves)
MR       .....                  (no boots)
Stlth    +.........             (no amulet)
HPRegen  0.07/turn              (no ring)
MPRegen  0.08/turn              (no ring)

@: flying
A: small, carnivore
a: no special abilities


You were on level 2 of the Dungeon.
You were very full.

You visited 1 branch of the dungeon, and saw 2 of its levels.

You collected 64 gold pieces.

Inventory:

Hand Weapons
 a - a +0 rapier (weapon)
Missiles
 d - 3 throwing nets (quivered)
Armour
 b - a +0 leather armour (worn)
 c - a +0 helmet (worn)
Scrolls
 g - a scroll of identify {unknown}
 i - a scroll of random uselessness {unknown}
Potions
 j - a potion of magic
Comestibles
 f - 5 rations
 h - 5 chunks of flesh


   Skills:
 * Level 2.9 Fighting
 * Level 4.7 Short Blades
 - Level 2.1 Throwing
 + Level 0.4 Armour
 * Level 4.1 Dodging


You had 2 spell levels left.
You didn't know any spells.
Your spell library was empty.

Dungeon Overview and Level Annotations

Branches:
Dungeon (2/15)

Altars:

Annotations:
D:2 Sigmund


Innate Abilities, Weirdness & Mutations

You are small and have problems with some larger weapons.
You are carnivorous and can eat meat at any time.


Message History

You feel very buoyant.
You fly up into the air.
Something hits you.
It was a potion of magic.
Magic courses through your body.
You miss something. Something barely misses you.
You're too confused to move!
Something barely misses you.
You bump into the rock wall.
Sorry, you're not good enough to have a special ability.
You bump into the rock wall.
You hear some strange, mumbled words.
You are more confused.
You barely miss something. Something hits you but does no damage.
You bump into the rock wall.
Something barely misses you.
You're too confused to move!
Something hits you!
* * * LOW HITPOINT WARNING * * *
You bump into the rock wall.
You feel less confused.
There is a stone staircase leading up here.
Something hits you!
You die...

. .. ### ..> ..#
.... #.# ..?..
#%# #
......##.#####.##
#.....@.{......#
#.....#.#####..#
#...[..... .#
#$....#.### #
#.....#..
..##.####. # ##
##


There were no monsters in sight!

Vanquished Creatures
  A giant cockroach (D:1)
  4 goblins (D:1)
  6 hobgoblins (D:1)
  2 jackals (D:1)
  A ball python (D:1)
  7 bats (D:1)
  2 frilled lizards (D:1)
  5 kobolds (D:1)
  7 rats (D:1)
35 creatures vanquished.

Notes
Turn   | Place    | Note
-------+----------+-------------------------------------------
     0 | D:1      | Borgoz the Kobold Gladiator began the quest for the Orb.
     0 | D:1      | Reached XP level 1. HP: 12/12 MP: 1/1
    76 | D:1      | Reached XP level 2. HP: 9/18 MP: 2/2
   486 | D:1      | Reached XP level 3. HP: 22/22 MP: 3/3
   885 | D:2      | Noticed Sigmund
   904 | D:2      | HP: 1/22 [something (7)]
   910 | D:2      | Mangled by Sigmund

Levels and vault maps discovered:
D:1:      zaba_arrival_water, layout_loops_cross
D:2:      kennysheep_big_flooded_room, layout_loops_ring, lemuel_doored_altar,
          uniq_sigmund

Skill      XL: |  1  2  3 |
---------------+----------+-----
Dodging        | 4 |  4.1
Fighting       | |  2.9
Short Blades   | |  4.7
Throwing       | |  2.1
Armour         | |  0.4

Action                   || total
-------------------------++-------
Melee: Rapier            ||   108
  Use: Potion            ||     2
 Stab: Sleeping          ||     2
  Eat: Chunk             ||     8
Armor: Leather armour    ||    26
Dodge: Dodged            ||   101

Table legend:
 A = Non-vault XP
 B = Vault XP
 C = Vault XP percentage of total XP
 D = Non-vault monster count
 E = Vault monster count
 F = Vault count percentage of total count
                 A         B        C        D         E       F
            +---------+---------+-------+---------+---------+-------
      Total |      52 |       0 |   0.0 |      35 |       0 |   0.0
            +---------+---------+-------+---------+---------+-------
        D:1 |      52 |       0 |   0.0 |      35 |       0 |   0.0
            +---------+---------+-------+---------+---------+-------
